 Dungeon Crawl Stone Soup version 0.25-a0-937-gcfae464cf3 (webtiles) character file.

Game seed: 2452795021613260794, levelgen mode: deterministic

91734 gruber the Eclecticist (level 15, -1/84 HPs)
             Began as a Deep Elf Ice Elementalist on May 4, 2020.
             Was a High Priest of Vehumet.
             Slain by an alligator (27 damage)
             ... on level 2 of the Swamp.
             The game lasted 01:20:02 (39259 turns).

gruber the Eclecticist (Deep Elf Ice Elementalist) Turns: 39259, Time: 01:20:03

Health: -1/84      AC:  7    Str:  5    XL:     15   Next: 55%
Magic:  27/40      EV: 20    Int: 30    God:    Vehumet [*****.]
Gold:   1583       SH:  0    Dex: 15    Spells: 19/52 levels left

rFire    + + .     SeeInvis .   n - +5 hand axe (freeze)
rCold    . . .     Gourm    +   (no shield)
rNeg     . . .     Faith    .   J - +1 robe of Makhleb's Supremacy {rElec rF+ Int+3} (curse)
rPois    .         Spirit   .   v - +2 helmet
rElec    +         Reflect  .   S - scarf {repulsion}
rCorr    .         Harm     .   h - +0 pair of gloves
MR       +....                  (no boots)
Stlth    ++........             G - amulet of the gourmand
HPRegen  0.24/turn              T - +5 ring of evasion
MPRegen  0.27/turn              e - ring of protection from fire

@: grasped by roots, constricted, heavily drained, repel missiles
A: no striking features
a: Renounce Religion


You were on level 2 of the Swamp.
You worshipped Vehumet.
Vehumet was extremely pleased with you.
You were hungry.

You visited 4 branches of the dungeon, and saw 24 of its levels.

You collected 1661 gold pieces.
You spent 78 gold pieces at shops.

Inventory:

Hand Weapons
 n - a +5 hand axe of freezing (weapon)
Missiles
 p - 27 poisoned darts (quivered)
 s - 5 curare-tipped darts
Armour
 h - a +0 pair of gloves (worn)
 v - a +2 helmet (worn)
 I - a +1 leather armour of poison resistance
 J - the cursed +1 robe of Makhleb's Supremacy (worn) {rElec rF+ Int+3}
   (You found it on level 12 of the Dungeon)

   It affects your intelligence (+3).
   It protects you from fire.
   It insulates you from electricity.
   It has a curse placed upon it.
 S - a scarf of repulsion (worn)
Jewellery
 e - a ring of protection from fire (right hand)
 B - an uncursed amulet of the acrobat
 E - an uncursed amulet of harm
 G - an amulet of the gourmand (around neck)
 R - an uncursed amulet of faith {unknown}
 T - a +5 ring of evasion (left hand)
 W - an uncursed ring of positive energy
Wands
 a - a wand of random effects (12)
 f - a wand of disintegration (33)
 t - a wand of enslavement (5)
 A - a wand of acid (10)
 M - a wand of iceblast (16)
 N - a wand of flame (23)
 U - a wand of scattershot (2)
 X - a wand of digging (7)
 Y - a wand of paralysis (13)
 Z - a wand of polymorph (7)
Scrolls
 b - 5 scrolls of fear {unknown}
 g - a scroll of summoning {unknown}
 i - 16 scrolls of teleportation
 j - 13 scrolls of remove curse
 m - 5 scrolls of amnesia {unknown}
 r - 2 scrolls of enchant armour {unknown}
 u - 2 scrolls of enchant weapon {unknown}
 y - 3 scrolls of immolation {unknown}
 C - 6 scrolls of blinking {unknown}
 D - 2 scrolls of fog {unknown}
 F - a scroll of brand weapon {unknown}
 H - 7 scrolls of magic mapping {unknown}
 L - a scroll of vulnerability {unknown}
 O - 4 scrolls of noise {unknown}
Potions
 d - 10 potions of curing
 k - 3 potions of flight
 l - 5 potions of might
 q - 3 potions of heal wounds
 w - 2 potions of magic
 x - 7 potions of cancellation
 z - 2 potions of haste
 K - 2 potions of ambrosia
 P - 4 potions of resistance
 Q - a potion of brilliance
 V - a potion of invisibility
Comestibles
 c - 39 rations


   Skills:
 - Level 6.0(4.7) Fighting
 - Level 10.0(8.5) Dodging
 - Level 2.4(1.2) Stealth
 - Level 19.4(17.6) Spellcasting
 - Level 10.0(8.5) Conjurations
 - Level 10.2(8.7) Summonings
 * Level 6.2(4.9) Transmutations
 - Level 15.0(13.3) Ice Magic
 - Level 7.6(6.3) Earth Magic


You had 19 spell levels left.
You knew the following spells:

 Your Spells              Type           Power        Failure   Level  Hunger
a - Freeze                Ice            ####         0%          1    None
b - Frozen Ramparts       Ice            ######       0%          3    None
c - Hailstorm             Conj/Ice       #######.     1%          4    None
d - Summon Ice Beast      Ice/Summ       #######.     1%          4    None
e - Iron Shot             Conj/Erth      ######....   3%          6    ##.....
f - Spellforged Servitor  Conj/Summ      ######....   11%         7    ####...
g - Statue Form           Tmut/Erth      ######...    24%         6    ##.....
h - Blink                 Tloc           N/A          2%          2    None

Your spell library contained the following spells:

 Spells                   Type           Power        Failure   Level  Hunger
 Iskenderun's Battlesphe  Conj/Chrm      ######..     2%          5    None
 Animate Skeleton         Necr           N/A          1%          1    None
 Apportation              Tloc           ####..       1%          1    None
 Corona                   Hex            ####...      1%          1    None
 Foxfire                  Conj/Fire      ####         1%          1    None
 Sandblast                Erth           ######       1%          1    None
 Summon Small Mammal      Summ           ####         1%          1    None
 Passwall                 Tmut/Erth      ######..     1%          2    None
 Conjure Flame            Conj/Fire      ######..     1%          3    None
 Inner Flame              Hex/Fire       ####....     1%          3    None
 Ozocubu's Armour         Chrm/Ice       ######..     1%          3    None
 Stone Arrow              Conj/Erth      ######       1%          3    None
 Summon Guardian Golem    Hex/Summ       ######..     1%          3    None
 Petrify                  Tmut/Erth      ######..     1%          4    None
 Sticky Flame             Conj/Fire      ######..     1%          4    None
 Bolt of Magma            Conj/Fire/Erth ######....   1%          5    None
 Lee's Rapid Deconstruct  Erth           ######....   1%          5    None
 Slow                     Hex            ####....     2%          2    None
 Fireball                 Conj/Fire      ######....   2%          5    None
 Metabolic Englaciation   Hex/Ice        ######....   2%          5    None
 Confusing Touch          Hex            ####....     4%          3    None
 Gell's Gravitas          Tloc           ####......   4%          3    None
 Portal Projectile        Hex/Tloc       ####..       4%          3    None
 Leda's Liquefaction      Hex/Erth       #####.....   4%          4    None
 Yara's Violent Unravell  Hex/Tmut       #####.....   4%          5    None
 Summon Forest            Summ/Tloc      ######....   8%          5    None
 Cause Fear               Hex            ####......   16%         4    None
 Shatter                  Erth           ######....   100%        9    #######


Dungeon Overview and Level Annotations

Branches:
Dungeon (15/15)            Temple (1/1) D:7            Lair (6/6) D:8
  Swamp (2/4) Lair:4        Snake (0/4) Lair:2        Slime (0/5) Lair:6
    Orc (0/2) D:10         Vaults (0/5) D:14         Depths (0/5) D:15

Altars:
Ashenzari
Cheibriados
Dithmenos
Elyvilon
Fedhas
Gozag
Hepliaklqana
Kikubaaqudgha
Makhleb
Nemelex Xobeh
Okawaru
Qazlal
Ru
Sif Muna
Trog
Uskayaw
Vehumet
Wu Jian
Xom
Yredelemnul
Zin
The Shining One
Jiyva

Shops:
D:9 *   D:10 (

Annotations:
D:12 exclusion: oklob sapling
Lair:3 exclusion: 3 oklob plants


Message History

Moving in this stuff is going to be slow.
A swamp worm comes into view.
Your ice beast hits the shambling mangrove but does no damage. x2
The shambling mangrove hits your ice beast!!!
Your ice beast dies!
Unknown command.
Unknown command.
Roots burst forth from the earth!
The grasping roots grab you!
* * * LOW HITPOINT WARNING * * *
The grasping roots constrict you!! The alligator completely misses you. x2
Unknown command.
Unknown command.
Unknown command.
Unknown command.
Unknown command.
You feel much better.
The swamp worm fires a harpoon shot at you.
The harpoon shot is repelled.
The alligator bites you!!
You die...

♣ ♣ ♣♣♣♣♣ ♣
♣≈.≈≈♣≈ ♣
♣≈.≈≈..≈ ♣♣ ♣
..≈≈≈≈≈≈ .♣♣♣♣.♣
..≈Y≈f≈≈ ≈≈♣≈..♣
≈≈≈≈≈≈≈≈ ≈.≈♣≈♣
♣♣♣♣.≈≈≈≈≈..
≈≈...♣ ♣♣.@t♣≈†.♣
≈≈..♣♣ >♣♣.≈≈..♣♣
≈..♣♣ ♣..≈≈≈≈..♣♣
.≈.♣ ♣.w≈≈≈≈≈..♣
.≈≈♣ ≈
.§.≈≈≈≈≈...♣ .♣♣♣
.≈
≈≈≈♣....≈...♣♣♣
.÷.♣♣≈≈≈
≈≈.♣♣♣♣..≈≈..≈♣♣♣
....≈♣♣. ≈≈
♣.≈≈≈≈≈...≈♣
.≈≈...≈♣
♣≈.≈≈≈......♣♣


You could see a shambling mangrove, an alligator, a swamp worm and a friendly
ice beast.

Vanquished Creatures
  Nessos (Lair:6)
  An entropy weaver (Lair:6)
  Josephine (D:11)
  7 hydras
  A ghost crab (Swamp:1)
  3 alligators (Swamp:2)
  2 centaur warriors (D:14)
  4 two-headed ogres
  2 tengu warriors (D:14)
  3 death yaks (Lair:6)
  Nergalle (D:11)
  5 skeletal warriors (D:13)
  4 unseen horrors
  3 wizards
  A swamp dragon (Swamp:1)
  Pikel (D:4)
  A lindwurm (Lair:6)
  3 phantasmal warriors (D:12)
  A deep elf mage (D:14)
  An oklob plant (Lair:6)
  4 manticores
  17 ugly things
  2 cyclopes
  7 elephants
  6 black mambas
  10 spiny frogs
  A gargoyle (D:12)
  2 rime drakes (Lair:6)
  A freezing wraith (D:15)
  2 rime drakes (shapeshifter) (D:15)
  Maggie (D:8)
  3 kobold demonologists (D:14)
  A komodo dragon (Lair:3)
  5 meliai
  2 hornets
  A queen bee (Lair:5)
  9 blink frogs
  5 trolls
  11 slime creatures
  A wind drake (shapeshifter) (D:15)
  2 dream sheep (Lair:6)
  7 hippogriffs
  2 shadows
  8 spriggans (Lair:2)
  A vampire (D:10)
  2 wraiths
  2 wyverns
  39 yaks
  7 basilisks
  13 vampire mosquitoes
  6 swamp worms
  A naga (Lair:2)
  4 insubstantial wisps (Swamp:1)
  7 soldier ants
  An acid dragon (D:14)
  6 porcupines
  12 water moccasins
  4 black bears
  6 sky beasts
  An ice beast (D:6)
  8 orc warriors
  A phantom (D:12)
  3 boggarts (D:15)
  An eye of draining (shapeshifter) (D:15)
  An ogre (shapeshifter) (D:15)
  4 ogres
  9 wolves (Lair:6)
  15 centaurs
  7 crocodiles
  2 big kobolds
  19 bullfrogs
  3 scorpions
  A wyvern skeleton (D:13)
  3 wights (D:11)
  20 killer bees
  4 howler monkeys
  5 crimson imps
  3 hounds
  7 orc priests
  5 centaur skeletons
  A bullfrog skeleton (D:13)
  4 jellies
  13 orc wizards
  Jessica (D:3)
  Terence (D:2)
  4 iguanas
  16 worker ants
  7 hell rats (Lair:5)
  2 hound skeletons
  A worker ant zombie (D:9)
  Robin (D:4)
  21 adders
  3 gnolls (D:3)
  A howler monkey skeleton (D:5)
  5 shadow imps
  An ooze (D:2)
  4 adder skeletons
  5 worms
  5 leopard geckos
  54 orcs
  6 ball pythons
  8 giant cockroaches
  13 goblins
  8 hobgoblins
  17 jackals
  13 kobolds
  7 quokkas
  9 bats
  6 frilled lizards
  2 quokka skeletons
  9 rats
  7 fungi
  10 plants
654 creatures vanquished.

Vanquished Creatures (collateral kills)
  An entropy weaver (Lair:6)
  5 hydras
  An alligator (Swamp:2)
  A death knight (D:12)
  2 two-headed ogres
  A queen ant (Lair:6)
  2 oklob plants (Lair:4)
  3 ugly things (D:15)
  An elephant (Lair:2)
  3 spiny frogs
  4 rime drakes
  2 tyrant leeches
  7 slime creatures
  A meliai (Lair:5)
  A troll (D:13)
  2 hippogriffs
  5 wraiths
  3 yaks
  A hungry ghost (D:7)
  A basilisk (Lair:4)
  6 vampire mosquitoes
  2 nagas (Lair:2)
  4 swamp worms
  3 water moccasins
  5 ice beasts
  2 swamp drakes (Swamp:2)
  2 phantoms (D:10)
  An ogre (D:7)
  2 wolves (Lair:6)
  A centaur (D:7)
  A crocodile (Lair:2)
  3 bullfrogs
  4 wights (D:6)
  5 killer bees
  5 electric eels
  A bullfrog zombie (D:7)
  A centaur skeleton (D:7)
  A hound (D:7)
  2 bullfrog skeletons
  5 worker ants
  A hound zombie (D:10)
  A worker ant zombie (D:11)
  A shadow imp (D:10)
  A ball python (D:12)
  A plant (Lair:4)
108 creatures vanquished.

Vanquished Creatures (others)
  A wizard (D:14)
  A quokka (D:4)
  2 fungi
  14 plants
18 creatures vanquished.

Grand Total: 780 creatures vanquished

Notes
Turn   | Place    | Note
-------+----------+-------------------------------------------
     0 | D:1      | gruber the Deep Elf Ice Elementalist began the quest for
                  | the Orb.
     0 | D:1      | Reached XP level 1. HP: 10/10 MP: 6/6
    68 | D:1      | Reached XP level 2. HP: 7/15 MP: 0/8
   128 | D:1      | Reached skill level 5 in Ice Magic
   883 | D:2      | Reached XP level 3. HP: 19/19 MP: 6/9
  1331 | D:2      | Learned a level 3 spell: Frozen Ramparts
  1361 | D:2      | Reached XP level 4. HP: 24/24 MP: 6/11
  1465 | D:2      | Reached skill level 4 in Spellcasting
  1617 | D:2      | Noticed Terence
  1626 | D:2      | Killed Terence
  2173 | D:3      | Noticed Jessica
  2178 | D:3      | Killed Jessica
  2178 | D:3      | Reached XP level 5. HP: 25/28 MP: 7/14
  2418 | D:3      | Reached skill level 5 in Spellcasting
  2445 | D:3      | Found a bloodstained altar of Trog.
  2447 | D:3      | Found an iron altar of Okawaru.
  3135 | D:3      | Reached XP level 6. HP: 32/32 MP: 9/15
  3492 | D:4      | Noticed Robin
  3654 | D:3      | Learned a level 4 spell: Hailstorm
  3659 | D:3      | Learned a level 4 spell: Summon Ice Beast
  3702 | D:4      | Killed Robin
  4034 | D:4      | Noticed a slave
  4035 | D:4      | Noticed a slave
  4157 | D:4      | Noticed Pikel
  4158 | D:4      | Noticed a slave
  4161 | D:4      | Noticed a slave
  4169 | D:4      | Killed Pikel
  4169 | D:4      | Reached skill level 7 in Spellcasting
  4169 | D:4      | Reached XP level 7. HP: 26/36 MP: 5/19
  4346 | D:5      | Entered Level 5 of the Dungeon
  4824 | D:5      | Reached XP level 8. HP: 41/41 MP: 17/20
  4888 | D:5      | Reached skill level 1 in Summonings
  5923 | D:6      | Reached skill level 5 in Summonings
  6057 | D:6      | Found an ancient bone altar of Kikubaaqudgha.
  6076 | D:6      | Found a sacrificial altar of Ru.
  6536 | D:7      | Reached XP level 9. HP: 36/45 MP: 2/21
  6955 | D:7      | Reached skill level 10 in Ice Magic
  7110 | D:7      | Found a staircase to the Ecumenical Temple.
  7990 | D:8      | Found a staircase to the Lair.
  8424 | D:8      | Noticed a two-headed ogre
  8432 | D:8      | Killed a two-headed ogre
  8955 | D:8      | Noticed Maggie
  9116 | Temple   | Entered the Ecumenical Temple
  9401 | D:8      | Killed Maggie
  9716 | D:9      | Reached XP level 10. HP: 50/50 MP: 18/22
  9942 | D:9      | Found a snail-covered altar of Cheibriados.
 10304 | D:9      | Found a white marble altar of Elyvilon.
 10902 | D:9      | Found Buteze's General Store.
 10905 | D:9      | Bought a scroll of identify for 26 gold pieces
 10905 | D:9      | Bought a potion of curing for 39 gold pieces
 10905 | D:9      | Bought a potion of degeneration for 13 gold pieces
 10973 | D:9      | Found a hide-covered altar of Uskayaw.
 10975 | D:9      | Found a radiant altar of Vehumet.
 11052 | D:10     | Entered Level 10 of the Dungeon
 11109 | D:10     | Found a staircase to the Orcish Mines.
 11111 | D:10     | Found Ennijoyf's Weapon Shoppe.
 11857 | D:10     | Found a sacrificial altar of Ru.
 12000 | D:9      | Became a worshipper of Vehumet
 12781 | D:10     | Reached skill level 15 in Ice Magic
 13160 | D:11     | Reached skill level 5 in Conjurations
 13160 | D:11     | Reached XP level 11. HP: 54/54 MP: 4/23
 13840 | D:11     | Found a blossoming altar of Fedhas.
 14225 | D:11     | Noticed Nergalle
 14320 | Lair:1   | Entered Level 1 of the Lair of Beasts
 14872 | Lair:1   | Reached * piety under Vehumet
 14872 | Lair:1   | Offered knowledge of Sandblast by Vehumet.
 15534 | Lair:2   | Found a dark tunnel.
 15832 | D:11     | Noticed Josephine
 16154 | D:11     | Killed Josephine
 16154 | D:11     | Reached skill level 8 in Spellcasting
 16155 | D:11     | Reached skill level 9 in Spellcasting
 16493 | D:11     | Noticed a two-headed ogre
 16503 | D:11     | Killed an unseen horror
 16674 | D:11     | Killed a two-headed ogre
 16674 | D:11     | Reached skill level 10 in Spellcasting
 16722 | D:11     | Killed Nergalle
 16951 | D:12     | Reached skill level 11 in Spellcasting
 17037 | D:12     | Noticed a phantasmal warrior
 17043 | D:12     | Killed a phantasmal warrior
 17152 | D:12     | Noticed a phantasmal warrior
 17159 | D:12     | Killed a phantasmal warrior
 17627 | D:12     | Reached ** piety under Vehumet
 17627 | D:12     | Offered knowledge of Magic Dart by Vehumet.
 17664 | D:12     | Reached skill level 12 in Spellcasting
 18171 | D:12     | Noticed a death knight
 18171 | D:12     | Noticed a phantasmal warrior
 18296 | D:12     | Killed a death knight
 18463 | Lair:2   | Noticed a five-headed hydra
 18469 | Lair:2   | Killed a five-headed hydra
 18592 | Lair:2   | Noticed a seven-headed hydra
 18601 | Lair:2   | Killed a seven-headed hydra
 18601 | Lair:2   | Reached XP level 12. HP: 59/59 MP: 15/30
 18826 | Lair:2   | Reached skill level 13 in Spellcasting
 19047 | Lair:2   | Reached skill level 14 in Spellcasting
 19087 | Lair:2   | Noticed an eight-headed hydra
 19100 | Lair:2   | Killed an eight-headed hydra
 19354 | Lair:2   | Offered knowledge of Inner Flame by Vehumet.
 19705 | Lair:2   | Found a staircase to the Snake Pit.
 19926 | Lair:2   | Noticed a seven-headed hydra
 19933 | Lair:2   | Killed a seven-headed hydra
 19933 | Lair:2   | Reached skill level 15 in Spellcasting
 20468 | Lair:3   | Reached *** piety under Vehumet
 20814 | Lair:3   | Reached skill level 16 in Spellcasting
 20916 | Lair:3   | Learned a level 6 spell: Iron Shot
 20924 | Lair:3   | Reached skill level 1 in Earth Magic
 21296 | Lair:3   | Offered knowledge of Olgreb's Toxic Radiance by Vehumet.
 21436 | Lair:3   | Identified a scroll of acquirement
 21549 | Lair:3   | Got a transparent whip
 21550 | Lair:3   | Identified the cursed +1 whip "Menait" {vorpal, MP+9} (You
                  | found it on level 3 of the Lair of Beasts)
 21602 | Lair:3   | Reached skill level 5 in Earth Magic
 22214 | Lair:4   | Got a smoking robe
 22215 | Lair:4   | Identified the +1 robe "Ruekliz" {+Fly} (You found it on
                  | level 4 of the Lair of Beasts)
 22270 | Lair:4   | You fall into a shaft and drop 2 floors!
 22270 | Lair:6   | Entered Level 6 of the Lair of Beasts
 22330 | Lair:6   | Noticed a queen ant
 22330 | Lair:6   | Noticed an entropy weaver
 22331 | Lair:6   | Noticed an entropy weaver
 22340 | Lair:6   | Killed an entropy weaver
 22340 | Lair:6   | Reached XP level 13. HP: 13/63 MP: 19/35
 22343 | Lair:6   | Reached **** piety under Vehumet
 22817 | Lair:6   | Offered knowledge of Iskenderun's Mystic Blast by Vehumet.
 23063 | Lair:6   | Killed an entropy weaver
 23253 | Lair:6   | Reached skill level 5 in Dodging
 23399 | Lair:4   | Found a staircase to the Swamp.
 24654 | Lair:4   | HP: 3/63 [poisoned by a spiny frog]
 24662 | Lair:4   | HP: 3/63 [poisoned by a spiny frog]
 24670 | Lair:4   | HP: 2/63 [poisoned by a spiny frog]
 25822 | Lair:5   | Reached skill level 1 in Fighting
 26295 | Lair:5   | Reached ***** piety under Vehumet
 26295 | Lair:5   | Offered knowledge of Spellforged Servitor by Vehumet.
 27187 | Lair:6   | Found a viscous altar of Jiyva.
 27188 | Lair:6   | Found a staircase to the Slime Pits.
 27736 | Lair:6   | Reached skill level 5 in Fighting
 27798 | Lair:6   | Noticed Nessos
 27803 | Lair:6   | Killed Nessos
 28271 | Lair:6   | Reached XP level 14. HP: 48/80 MP: 18/36
 28451 | Lair:6   | Learned a level 7 spell: Spellforged Servitor
 28477 | Lair:6   | Reached skill level 10 in Dodging
 29723 | D:12     | Got a twisted flail
 29743 | D:12     | Got a heavy robe
 29907 | D:12     | Reached skill level 10 in Conjurations
 31452 | D:13     | Offered knowledge of Airstrike by Vehumet.
 31697 | D:13     | Reached skill level 10 in Summonings
 32597 | D:14     | Found a burning altar of Makhleb.
 32921 | D:14     | Reached skill level 17 in Spellcasting
 33115 | D:14     | Identified the cursed +0 flail "Egg" {protect, Str+3} (You
                  | found it on level 12 of the Dungeon)
 33116 | D:14     | Identified the cursed +1 robe of Makhleb's Supremacy {rElec
                  | rF+ Int+3} (You found it on level 12 of the Dungeon)
 33892 | D:14     | Reached skill level 18 in Spellcasting
 33892 | D:14     | Reached XP level 15. HP: 67/84 MP: 25/39
 34631 | D:14     | Found a gate to the Vaults.
 34711 | D:15     | Entered Level 15 of the Dungeon
 35884 | D:15     | Reached skill level 19 in Spellcasting
 36549 | D:15     | Found a staircase to the Depths.
 37028 | Swamp:1  | Entered Level 1 of the Swamp
 37038 | Swamp:1  | Learned a level 6 spell: Statue Form
 37158 | Swamp:1  | Reached skill level 1 in Transmutations
 37182 | Swamp:1  | Offered knowledge of Iskenderun's Battlesphere by Vehumet.
 38478 | Swamp:2  | Reached skill level 5 in Transmutations
 39194 | Swamp:2  | Identified Sif Muna's Papyrus of Quantum Beguiling (You
                  | acquired it on level 2 of the Swamp)
 39199 | Swamp:2  | Learned a level 2 spell: Blink
 39258 | Swamp:2  | HP: 2/84 [shambling mangrove (19)]
 39259 | Swamp:2  | Slain by an alligator

Levels and vault maps discovered:
D:1:      zelgadis_glass_arrival_small, layout_rooms
D:2:      layout_loops_ring, uniq_terence
D:3:      layout_loops_ring, chequers_temple_overflow_statue_of_worship,
          uniq_jessica
D:4:      layout_rooms, uniq_robin, uniq_pikel
D:5:      lemuel_ice_spiral_2, layout_rooms, first_ration
D:6:      layout_basic, gammafunk_temple_overflow_pools
D:7:      layout_basic, minmay_temple_entry_from_below_a,
          minmay_stone_trees_medium
D:8:      layout_rooms, dpeg_oklobed_lair, uniq_maggie
D:9:      layout_loops_ring, nicolae_overflow_hidden_temple, basic_altar,
          serial_shops, kennysheep_mini_moat, blue_anna_alchemist
          [blue_anna_fruit_fields, blue_anna_fruit_fields]
D:10:     layout_cave_pods, orc_david_3, nicolae_ru_sacrificial_ziggurat
D:11:     layout_loops_corners, fedhas_altar_2, uniq_nergalle, uniq_josephine
D:12:     layout_gridville, introduction_to_nature_2
D:13:     layout_irregular_city, minmay_circle_x
D:14:     layout_basic, skrybe_vaults_entry_preservation, kennysheep_crisscross,
          basic_altar
D:15:     gammafunk_enter_depths_forms, layout_basic
Temple:   regret_index_temple_generic_petals
Lair:1:   layout_regular_city
Lair:2:   kb_forest_paths, layout_regular_city, guppyfry_snake_entry_island,
          nicolae_volcano_entry_lava_flow, serial_bayou_pond_a,
          nicolae_quartered_pool_medium, serial_bayou_lagoon_a
Lair:3:   layout_chaotic_city, st_stairs_9, chequers_serial_rivers_small_b,
          minmay_holes, beast_lair_carwin_4, grunt_megastairs_5,
          minmay_lair_oklob_chamber, lemuel_fruit_fields
Lair:4:   dpeg_oklob_gauntlet, layout_long_grid, minmay_swamp_entry_worms,
          gauntlet_entry_generic, portal_ice_cave_entry_pillars_1
Lair:5:   layout_roguey [special_room_bee], disabler_island, grunt_megastairs_2
Lair:6:   hangedman_lair_in_review, layout_cave_pods, slime_altar_1,
          minmay_another_anthill, uniq_nessos
Swamp:1:  layout_basic_swamp, evilmike_swamp_ruin_rubble_2
Swamp:2:  layout_basic_swamp, evilmike_swamp_ruin_house_1,
          infiniplex_staircase_pool_2

Skill      XL: |  1  2  3  4  5  6  7  8  9 10 11 12 13 14 15 |
---------------+----------------------------------------------+-----
Ice Magic      | 5 6 7 8 9 12 15 | 15.0
Spellcasting   | 4 5 7 12 16 18 19 | 19.4
Conjurations   | 3 5 8 10 | 10.0
Summonings     | 7 10 | 10.2
Earth Magic    | 7 |  7.6
Dodging        | 9 10 | 10.0
Fighting       | 6 |  6.0
Transmutations | 6 |  6.2
Stealth        | |  2.4

Action                   |  1- 3 |  4- 6 |  7- 9 | 10-12 | 13-15 || total
-------------------------+-------+-------+-------+-------+-------++-------
Melee: Unarmed           |     6 |     1 |       |       |       ||     7
       Hand axe          |       |    70 |    99 |   120 |    76 ||   365
Throw: Dart              |       |       |       |     3 |       ||     3
 Cast: Freeze            |    47 |    26 |    21 |    98 |    80 ||   272
       Frozen Ramparts   |     1 |    23 |    36 |    84 |   102 ||   246
       Hailstorm         |       |     1 |    11 |   103 |   197 ||   312
       Summon Ice Beast  |       |       |    34 |   116 |   114 ||   264
       Iron Shot         |       |       |       |       |   173 ||   173
Evoke: Wand              |       |       |       |     4 |     5 ||     9
  Use: Potion            |       |       |     1 |       |     2 ||     3
       Scroll            |       |       |       |    18 |     8 ||    26
 Stab: Sleeping          |       |     4 |     1 |     4 |       ||     9
       Distracted        |       |       |     4 |     1 |       ||     5
  Eat: Chunk             |     1 |    10 |    18 |    40 |    43 ||   112
       Ration            |       |       |     1 |     1 |     6 ||     8
Armor: Robe              |    10 |    25 |    35 |    55 |    32 ||   157
Dodge: Dodged            |    33 |    60 |   111 |   197 |   368 ||   769
       Repelled          |       |       |       |       |    15 ||    15

Table legend:
 A = Non-vault XP
 B = Vault XP
 C = Vault XP percentage of total XP
 D = Non-vault monster count
 E = Vault monster count
 F = Vault count percentage of total count
                 A         B        C        D         E       F
            +---------+---------+-------+---------+---------+-------
      Total |   95320 |   35729 |  27.3 |     569 |     177 |  23.7
            +---------+---------+-------+---------+---------+-------
        D:1 |      35 |       0 |   0.0 |      21 |       0 |   0.0
        D:2 |     102 |      36 |  26.1 |      22 |       1 |   4.3
        D:3 |     195 |      41 |  17.4 |      35 |       3 |   7.9
        D:4 |      79 |     693 |  89.8 |      11 |      10 |  47.6
        D:5 |     350 |       0 |   0.0 |      16 |       0 |   0.0
        D:6 |     710 |       0 |   0.0 |      23 |       0 |   0.0
        D:7 |    1305 |       0 |   0.0 |      34 |       0 |   0.0
        D:8 |    1537 |     376 |  19.7 |      20 |       1 |   4.8
        D:9 |    2113 |     100 |   4.5 |      24 |       1 |   4.0
       D:10 |    1979 |     141 |   6.7 |      33 |       5 |  13.2
       D:11 |    4477 |    2501 |  35.8 |      34 |       6 |  15.0
       D:12 |    6426 |     248 |   3.7 |      29 |      12 |  29.3
       D:13 |   10188 |    1578 |  13.4 |      34 |       4 |  10.5
       D:14 |   16071 |    2194 |  12.0 |      51 |       8 |  13.6
       D:15 |   11588 |    2853 |  19.8 |      34 |      12 |  26.1
     Lair:1 |    1196 |       0 |   0.0 |       8 |       0 |   0.0
     Lair:2 |    6457 |    2348 |  26.7 |      17 |      15 |  46.9
     Lair:3 |    4120 |    2828 |  40.7 |      18 |      13 |  41.9
     Lair:4 |    6311 |     866 |  12.1 |      26 |       4 |  13.3
     Lair:5 |    3466 |    2992 |  46.3 |      11 |      39 |  78.0
     Lair:6 |    4590 |   15934 |  77.6 |      22 |      43 |  66.2
    Swamp:1 |    7162 |       0 |   0.0 |      29 |       0 |   0.0
    Swamp:2 |    4863 |       0 |   0.0 |      17 |       0 |   0.0
            +---------+---------+-------+---------+---------+-------
